 Dungeon Crawl Stone Soup version 0.31.0-12-g77e489cdc1 (webtiles) character file.

Game seed: 7176949075873209044

473 hawla the Chucker (level 6, -11/51 HPs)
             Began as a Minotaur Fighter on Feb 19, 2024.
             Killed by nerve-wracking pain
             ... invoked by Menkaure
              (13 damage)
             ... on level 4 of the Dungeon.
             The game lasted 00:04:47 (3086 turns).

hawla the Chucker (Minotaur Fighter)                Turns: 3086, Time: 00:04:48

Health: -11/51     AC: 13    Str: 20    XL:     6   Next: 83%
Magic:  5/5        EV:  8    Int:  5    God:
Gold:   186        SH:  6    Dex: 12    Spells: 5/5 levels left

rFire   . . .        a - +0 long sword
rCold   . . .        c - +1 buckler
rNeg    . . .        h - +0 chain mail
rPois   .            (helmet restricted)
rElec   .            (no cloak)
rCorr   .            (no gloves)
SInv    .            (no boots)
Will    .....        (no amulet) Stlth
                     f - +4 ring of protection
HPRegen 0.28/turn    i - ring of flight
MPRegen 0.09/turn

%: no passive effects
@: flying
A: horns 2, retaliatory headbutt
a: no special abilities


You were on level 4 of the Dungeon.
You visited 1 branch of the dungeon, and saw 4 of its levels.

You collected 186 gold pieces.

Inventory:

Hand Weapons
 a - a +0 long sword (weapon)
Missiles
 b - 9 poisoned darts (quivered)
Armour
 c - a +1 buckler (worn)
 h - a +0 chain mail (worn)
Jewellery
 f - a +4 ring of protection (left hand)
 i - a ring of flight (right hand)
 k - a ring of ice
Scrolls
 e - a scroll of brand weapon {unknown}
 j - a scroll of blinking
 m - a scroll of teleportation
 o - a scroll of poison {unknown}
 p - a scroll of fog {unknown}
 q - a scroll of noise {unknown}
Potions
 d - a potion of might
 g - a potion of berserk rage
 l - a potion of mutation {unknown}
 n - a potion of brilliance {unknown}


   Skills:
 - Level 3.6 Fighting
 - Level 2.4 Long Blades
 - Level 6.0 Throwing
 - Level 3.6 Armour
 + Level 2.3 Dodging
 - Level 5.0 Shields


You had 5 spell levels left.
You didn't know any spells.
Your spell library was empty.

Dungeon Overview and Level Annotations

Branches:
Dungeon (4/15)
 Temple: D:4-7

Altars:
Makhleb
Uskayaw
Wu Jian
Xom

Shops:
D:1 (

Annotations:
D:4 Menkaure


Innate Abilities, Weirdness & Mutations

You have a pair of horns on your head.
You reflexively headbutt those who attack you in melee.


Message History

The hobgoblin is heavily wounded.
The hobgoblin hits you but does no damage.
The hobgoblin hits you.
Menkaure calls on the powers of darkness!
The hobgoblin convulses!
The endoplasm convulses!
Your body is wracked with pain!
The hobgoblin hits you.
You barely miss the hobgoblin.
The hobgoblin is moderately wounded.
The hobgoblin hits you but does no damage.
You hit the hobgoblin.
You kill the hobgoblin!
You barely miss the endoplasm.
The endoplasm is lightly wounded.
The endoplasm hits you but does no damage.
You hit the endoplasm. Your headbutt misses the endoplasm.
The endoplasm is almost dead.
The endoplasm freezes you.
You are frozen.
You hit the endoplasm.
You kill the endoplasm!
The hobgoblin hits you but does no damage.
You hit the hobgoblin but do no damage. Your headbutt misses the hobgoblin.
The hobgoblin is heavily wounded.
You block the hobgoblin's attack.
You hit the hobgoblin but do no damage.
The hobgoblin is heavily wounded.
The hobgoblin barely misses you.
You hit the hobgoblin.
You kill the hobgoblin!
You hit Menkaure but do no damage.
Menkaure points at you and mumbles some strange words.
Pain shoots through your body!
You hit Menkaure but do no damage. Your headbutt misses Menkaure.
Menkaure hits you!
* * * LOW HITPOINT WARNING * * *
You barely miss Menkaure.
Menkaure points at you and mumbles some strange words.
Pain shoots through your body!
You die...

##...............................
##.#..#..##...##..#.#....###...##
##.#.............................
##.##.#..#........... .....##..##
##.##.............. .........).
##.##.#..#.....## .>........#
##.##.#..#.#...### ......#..##
##.##............# ....:....##
.........#.....#@# ..###.#..#
.#.##....#.#.#.#M# . #.#..#
.#.##.#..#.#...#.###....###.#..##
.#.##............................
.......................######..#.
.#.####..#.#.#.#.###.### #....
.#.. ..#.#.#.#.# # #..#. .#.# #..
. ..... ..####..#. .. ...
..........


You could see Menkaure.

Vanquished Creatures
  A steam dragon (D:4)
  A black bear (D:4)
  A jelly (D:4)
  A hound (D:4)
  An iguana (D:4)
  7 adders
  A ribbon worm (D:4)
  3 dart slugs
  5 orcs
  5 bats
  4 endoplasms
  2 giant cockroaches (D:2)
  7 goblins
  9 hobgoblins
  4 jackals (D:3)
  5 quokkas
  8 ball pythons
  8 frilled lizards
  8 kobolds
  8 rats
89 creatures vanquished.

Notes
Turn   | Place    | Note
-------+----------+-------------------------------------------
     0 | D:1      | hawla the Minotaur Fighter began the quest for the Orb.
     0 | D:1      | Reached XP level 1. HP: 19/19 MP: 0/0
    37 | D:1      | Found Romusm's Antique Weapon Shop.
   157 | D:1      | Found a faded altar of an unknown god.
   361 | D:1      | Reached XP level 2. HP: 26/26 MP: 1/1
   761 | D:2      | Reached skill level 5 in Shields
   761 | D:2      | Reached XP level 3. HP: 31/31 MP: 2/2
   816 | D:2      | Reached skill level 1 in Throwing
   878 | D:2      | Reached skill level 2 in Throwing
  1031 | D:2      | Reached XP level 4. HP: 39/39 MP: 3/3
  1565 | D:3      | Reached skill level 3 in Throwing
  1921 | D:3      | Found a glowing silver altar of Zin.
  1923 | D:3      | Found a blossoming altar of Fedhas.
  1923 | D:3      | Found a hide-covered altar of Uskayaw.
  1925 | D:3      | Found an ornate altar of the Wu Jian Council.
  1925 | D:3      | Found a burning altar of Makhleb.
  1925 | D:3      | Found a shimmering altar of Xom.
  2031 | D:3      | Reached XP level 5. HP: 45/45 MP: 4/4
  2271 | D:4      | Noticed a black bear
  2277 | D:4      | Reached skill level 4 in Throwing
  2285 | D:4      | Killed a black bear
  2286 | D:4      | Reached skill level 5 in Throwing
  2341 | D:4      | Reached XP level 6. HP: 36/51 MP: 5/5
  2400 | D:4      | Noticed a steam dragon
  2419 | D:4      | Killed a steam dragon
  2420 | D:4      | Reached skill level 6 in Throwing
  2420 | D:4      | Reached skill level 1 in Dodging
  3067 | D:4      | Noticed Menkaure
  3085 | D:4      | HP: 2/51 [Menkaure (14)]
  3086 | D:4      | Killed from afar by Menkaure

Illustrated notes

Levels and vault maps discovered:
D:1:      minmay_arrival_arboretum_small, layout_basic,
          hellmonk_ecumenical_altar_heavens_door, serial_shops, shop
D:2:      layout_basic, hangedman_decor_points, minmay_divided_ellipse
D:3:      layout_rooms, doesnt_xom_only_xom, kennysheep_decorative_pillar
D:4:      layout_basic, lemuel_coloured_pillars_altar, hangedman_decor_growths,
          item_on_display_a, uniq_menkaure

Skill      XL: |  1  2  3  4  5  6 |
---------------+-------------------+-----
Shields        | 4 5 |  5.0
Throwing       | 2 3 5 6 |  6.0
Dodging        | 2 |  2.3
Fighting       | |  3.6
Long Blades    | |  2.4
Armour         | |  3.6

Action                     |  1- 3 |  4- 6 || total
---------------------------+-------+-------++-------
  Melee: Long sword        |    75 |   181 ||   256
         Headbutt          |    15 |    20 ||    35
  Throw: Dart              |     2 |       ||     2
    Use: Scroll            |       |     4 ||     4
         Potion            |       |     2 ||     2
 Armour: Scale mail        |     8 |       ||     8
         Chain mail        |    44 |   183 ||   227
  Dodge: Dodged            |    27 |    81 ||   108
  Block: Buckler           |    18 |    73 ||    91
